 Dungeon Crawl Stone Soup version 0.28-a0-948-gee6e0bcda6 (webtiles) character file.

Game seed: 2773983187451990580

3808 Angani the Slicer (level 9, -1/85 HPs)
             Began as a Grey Draconian Delver on Nov 30, 2021.
             Was a High Priest of Cheibriados.
             Succumbed to Psyche's arc of chaos
             ... on level 7 of the Dungeon.
             The game lasted 00:21:14 (7004 turns).

Angani the Slicer (Grey Draconian Delver)           Turns: 7004, Time: 00:21:15

Health: -1/85      AC:  0    Str: 25    XL:     9   Next: 96%
Magic:  13/13      EV: 20    Int: 26    God:    Cheibriados [*****.]
Gold:   129        SH:  5    Dex: 28    Spells: 8/8 levels left

rFire   . . .      SeeInvis .   (weapon currently unavailable)
rCold   . . .      Faith    .   (shield currently unavailable)
rNeg    . . .      Spirit   .   (armour unavailable)
rPois   .          Reflect  +   (helmet currently unavailable)
rElec   .          Harm     .   (cloak currently unavailable)
rCorr   .          Rampage  .   (gloves currently unavailable)
Will    .....                   (boots currently unavailable)
Stlth   ++++......              i - amulet of reflection
HPRegen 0.24/turn               (ring currently unavailable)
MPRegen 0.13/turn               (ring currently unavailable)

@: lethally poisoned (-1 -> -3), bat-form (expiring), on berserk cooldown,
flying, slowed, very slow
A: fast, flying, no casting, AC +12, (amphibious), tiny, unfitting armour,
(cold-blooded)
a: Renounce Religion, Bend Time, Temporal Distortion, Slouch, Step From Time


You were on level 7 of the Dungeon.
You worshipped Cheibriados.
Cheibriados was extremely pleased with you.
You were a bat.
You visited 1 branch of the dungeon, and saw 7 of its levels.

You collected 294 gold pieces.
You spent 165 gold pieces at shops.

Inventory:

Hand Weapons
 t - a +0 short sword of distortion (melded)
Missiles
 d - 2 throwing nets (quivered)
 g - 6 boomerangs
Armour
 o - a +0 kite shield (melded)
 w - a +2 pair of gloves (melded)
Magical Staves
 j - a staff of cold
Jewellery
 i - an amulet of reflection (around neck)
Wands
 f - a wand of digging (2)
 u - a wand of charming (11)
Scrolls
 a - 2 scrolls of brand weapon
 c - a scroll of magic mapping
 h - a scroll of vulnerability
 l - a scroll of immolation {unknown}
 m - 2 scrolls of blinking {unknown}
 n - 4 scrolls of teleportation
 q - a scroll of amnesia {unknown}
 r - a scroll of enchant armour {unknown}
 x - a scroll of silence {unknown}
Potions
 p - a potion of berserk rage
 v - 2 potions of resistance


   Skills:
 - Level 10.1 Fighting
 + Level 10.4 Short Blades
 - Level 1.7 Dodging
 - Level 4.5 Stealth
 + Level 5.5 Invocations


You had 8 spell levels left.
You didn't know any spells.
Your spell library contained the following spells:

 Spells                   Type           Power      Damage    Failure   Level
 Sandblast                Erth           0%         2d4       13%         1
 Passwall                 Tmut/Erth      0%         N/A       19%         2
 Sublimation of Blood     Necr           0%         N/A       19%         2
 Stone Arrow              Conj/Erth      0%         3d7       36%         3
 Petrify                  Tmut/Erth      0%         N/A       77%         4
 Irradiate                Conj/Tmut      0%         3d14      98%         5
 Lehudib's Crystal Spear  Conj/Erth      0%         10d2      100%        8
 Animate Armour           Summ/Erth      Unusable   N/A       N/A         4

Dungeon Overview and Level Annotations

Branches:
Dungeon (7/15)
 Temple: D:4-7

Altars:
Cheibriados
Gozag
Okawaru
Uskayaw

Shops:
D:4 *   D:7 =

Annotations:
D:7 Psyche


Innate Abilities, Weirdness & Mutations

You are a bat.
You are tiny and dextrous.
You move quickly.
You are flying.
Your equipment is almost entirely melded.
You are incapable of wielding weapons or throwing items.
You cannot cast spells.
((Your dull iron-grey scales are very hard. (AC +12)))
((You are amphibious.))
You cannot fit into any form of body armour.
((You are cold-blooded and may be slowed by cold attacks.))


Message History

There is an open door here.
You are too berserk!
You're too confused to move!
You hear some strange, mumbled words.
Something tries to affect you, but you resist.
Unknown command.
You bump into the rock wall.
You feel a strong urge to attack something.
You bump into the rock wall.
You feel your anger nearly subside.
You are no longer berserk.
You are exhausted.
You feel yourself slow down. Something barely misses you.
You bump into the rock wall.
You feel less confused. Something barely misses you. x2
You hear some strange, mumbled words.
A swirling arc of seething chaos appears!
An arc of chaos appears from out of thin air!
The arc of chaos hits you!
You are poisoned.
The arc of chaos hits you. Something hits you!
* * * LOW HITPOINT WARNING * * *
Space warps horribly around you!
* * * LOW HITPOINT WARNING * * *
Unknown command.
Your transformation is almost over.
You feel sick.
You hear some strange, mumbled words.
A swirling arc of seething chaos appears!
An arc of chaos appears from out of thin air!
The arc of chaos hits you.
* * * LOW HITPOINT WARNING * * *
* * * LOW HITPOINT WARNING * * *
You feel sick.
Psyche laughs secretively.
You block Psyche's attack.
Unknown command.
Okay, then.
You die...

###.####..#...##.......# #
#..## ###†#####.#####.# #
##.## ### .####.##.# ###.#
####..# ## #.[## #..#.#
.### ########.#### ##
#...#.@.#..##### ######
#...#.#.###....##
.....#####...#.#b#######.#
####.........'.#.......#.#
#######...#########...#
#...# #.### #####
#####'######## #
#............# #
#............#
##########............#
#.....................###


You could see Psyche.

Vanquished Creatures
  3 yaks (D:7)
  Sigmund (D:2)
  3 humans (D:7)
  2 water moccasins
  A hornet zombie (D:6)
  An ice beast (D:6)
  A sky beast (D:6)
  A black bear (D:6)
  A necrophage (D:5)
  3 ogres
  A phantom (D:7)
  A centaur (D:5)
  A bullfrog (D:7)
  A scorpion (D:5)
  A wyvern skeleton (D:6)
  4 hounds
  3 jellies (D:6)
  2 centaur skeletons
  An orc priest (D:6)
  An iguana (D:4)
  An orc wizard (D:3)
  Robin (D:2)
  5 adders
  A howler monkey skeleton (D:2)
  2 white imps (D:5)
  An adder skeleton (D:5)
  A worm (D:4)
  5 dart slugs
  8 orcs
  5 ball pythons
  4 endoplasms
  4 giant cockroaches
  12 goblins
  8 hobgoblins
  10 jackals
  4 kobolds
  6 quokkas
  6 bats
  3 frilled lizards (D:2)
  5 rats
125 creatures vanquished.

Vanquished Creatures (others)
  A cyclops (D:7)
1 creature vanquished.

Grand Total: 126 creatures vanquished

Notes
Turn   | Place    | Note
-------+----------+-------------------------------------------
     0 | D:5      | Angani the Draconian Delver began the quest for the Orb.
     0 | D:5      | Reached XP level 1. HP: 19/19 MP: 1/1
   125 | D:3      | Noticed an orc wizard
   149 | D:4      | Noticed an ogre
   221 | D:4      | Noticed an iguana
   273 | D:4      | Found Egail's Assorted Antiques.
   461 | D:4      | Noticed a hound
   519 | D:3      | Reached XP level 2. HP: 26/26 MP: 2/2
   524 | D:3      | Found a faded altar of an unknown god.
   537 | D:3      | Prayed at the altar of an unknown god.
   537 | D:3      | Became a worshipper of Cheibriados the Contemplative
   537 | D:3      | Reached * piety under Cheibriados
   800 | D:2      | Reached XP level 3. HP: 28/33 MP: 3/3
   969 | D:1      | Reached ** piety under Cheibriados
  1156 | D:1      | Noticed a ragged hierophant
  1156 | D:1      | Noticed a tyrant leech
  1156 | D:1      | Noticed a basilisk
  1157 | D:1      | Noticed a frost giant
  1988 | D:2      | Noticed Robin
  2274 | D:2      | Killed Robin
  2275 | D:2      | Reached XP level 4. HP: 24/41 MP: 4/4
  2278 | D:2      | Noticed Sigmund
  2660 | D:3      | Reached *** piety under Cheibriados
  3028 | D:4      | Reached skill level 5 in Fighting
  3028 | D:4      | Reached XP level 5. HP: 45/48 MP: 5/5
  3441 | D:4      | Killed an ogre
  3442 | D:4      | Reached XP level 6. HP: 28/57 MP: 6/6
  3654 | D:5      | Found an opulent altar of Gozag.
  3769 | D:5      | Reached skill level 5 in Short Blades
  3995 | D:5      | Your scales start taking on a dull iron-grey colour.
  3995 | D:5      | Reached XP level 7. HP: 51/64 MP: 7/7
  4395 | D:5      | Found a hide-covered altar of Uskayaw.
  4395 | D:5      | Found an iron altar of Okawaru.
  4549 | D:4      | Bought a pair of runed boots for 165 gold pieces
  4650 | D:2      | Killed Sigmund
  4698 | D:2      | Reached **** piety under Cheibriados
  4817 | D:2      | Reached XP level 8. HP: 74/74 MP: 8/8
  6304 | D:7      | Found Huxoydaysi's Jewellery Shop.
  6354 | D:7      | Noticed Psyche
  6362 | D:7      | Reached XP level 9. HP: 85/85 MP: 9/9
  6391 | D:7      | Noticed a cyclops
  6470 | D:7      | Reached skill level 10 in Fighting
  6626 | D:7      | Reached skill level 1 in Invocations
  6792 | D:7      | Reached ***** piety under Cheibriados
  6843 | D:7      | Reached skill level 10 in Short Blades
  6927 | D:7      | Noticed a cyclops
  6928 | D:7      | Banished a cyclops
  6929 | D:7      | Reached skill level 5 in Invocations
  7002 | D:7      | HP: 1/85 [something/chain of chaos (5)]
  7004 | D:7      | Succumbed to Psyche's arc of chaos

Illustrated notes

Levels and vault maps discovered:
D:1:      onia_arrival_zoo_common, layout_basic, fountainhead
D:2:      layout_rooms, uniq_robin, uniq_sigmund
D:3:      layout_rooms, dilly_ecumenical_altar_fadedgnrine
D:4:      layout_basic, serial_shops, shop
D:5:      layout_rooms, gammafunk_temple_overflow_wave,
          mainiacjoe_overflow_six_doors_small, bh_walls_and_bars
D:6:      layout_loops_ring, st_stairs_5
D:7:      erik_cavepeople, layout_basic, minmay_temple_entry_glass,
          minmay_shop_enchanted_jewellery

Skill      XL: |  1  2  3  4  5  6  7  8  9 |
---------------+----------------------------+-----
Fighting       | 4 5 6 7 9 10 | 10.1
Short Blades   | 3 4 5 6 8 10 | 10.4
Invocations    | 5 |  5.5
Dodging        | |  1.7
Stealth        | |  4.5

Action                   |  1- 3 |  4- 6 |  7- 9 || total
-------------------------+-------+-------+-------++-------
Melee: Short sword       |   145 |    72 |   191 ||   408
       Tailslap          |    17 |    12 |    44 ||    73
Throw: Boomerang         |     6 |     8 |     3 ||    17
Evoke: Wand              |     1 |     2 |    11 ||    14
  Use: Scroll            |       |       |     8 ||     8
       Potion            |       |       |     5 ||     5
 Stab: Sleeping          |     7 |     4 |     5 ||    16
       Distracted        |       |       |     2 ||     2
Armor: Skin              |    31 |    15 |    50 ||    96
Dodge: Dodged            |    66 |    20 |    38 ||   124
Block: Other             |    15 |       |     1 ||    16
       Kite shield       |    51 |    40 |   104 ||   195
       Reflection        |     3 |     1 |       ||     4

Table legend: (Time is in decaauts)
 A = Elapsed time spent in this place.
 B = Non-inter-level travel time spent in this place.
 C = Inter-level travel time spent in this place.
 D = Time resting spent in this place.
 E = Time spent auto-exploring this place.
 F = Levels seen in this place.
 G = Mean time per level.
                   A        B        C        D        E       F      G
               +--------+--------+--------+--------+--------+-----+--------+
         Total |   9365 |   8720 |    645 |   1992 |   4612 |   7 | 1337.9 |
       Dungeon |   9365 |   8720 |    645 |   1992 |   4612 |   7 | 1337.9 |
               +--------+--------+--------+--------+--------+-----+--------+

Top non-repeatable levels by time:
     D:1: 1971 daAuts
     D:4: 1482 daAuts
     D:5: 1386 daAuts
     D:6: 1369 daAuts
     D:7: 1328 daAuts
     D:2: 987 daAuts
     D:3: 838 daAuts
